 Dungeon Crawl Stone Soup version 0.19.1 (webtiles) character file.

653 Gargoyl the Skirmisher (level 7, -5/58 (60) HPs)
             Began as a Ghoul Abyssal Knight on Dec 11, 2016.
             Was a Priest of Lugonu.
             Slain by a mummy (6 damage)
             ... in an ossuary.
             The game lasted 00:08:48 (3731 turns).

Gargoyl the Skirmisher (Ghoul Abyssal Knight)       Turns: 3731, Time: 00:08:48

HP:   -5/58 (60)    AC: 11    Str: 16    XL:     7   Next: 54%
MP:   9/9           EV:  7    Int: 12    God:    Lugonu [***...]
Gold: 206           SH:  7    Dex: 10    Spells: 0 memorised, 6 levels left

rFire  . . .     SeeInvis .     o - +0 war axe
rCold  + . .     Gourm    .     n - +0 scale mail
rNeg   + + +     Faith    .     h - +0 shield
rPois  ∞         Spirit   .     d - +1 helmet
rElec  .         Reflect  .     (no cloak)
rCorr  .         Harm     .     b - +0 pair of gloves
MR     .....                    m - +0 pair of boots
Stlth  ..........               (no amulet)
                                (no ring)
                                (no ring)

@: brilliant, very slightly contaminated, rotting, hasted, very quick
A: rotting body, claws 1, carnivore 3, cold resistance 1, negative energy
resistance 3, slow regeneration 1, torment resistance, unbreathing
a: Depart the Abyss, Bend Space, Banish, Renounce Religion


You were in an ossuary.
You worshipped Lugonu.
Lugonu was most pleased with you.
You were not hungry.

You visited 1 branch of the dungeon, and saw 5 of its levels.
You visited the Abyss 1 time.
You also visited: Ossuary.

You collected 206 gold pieces.

Inventory:

Hand Weapons
 a - a +1 hand axe
 o - a +0 war axe (weapon)
 u - a +4 spear of piercing
Missiles
 l - 11 javelins (quivered)
Armour
 b - a +0 pair of gloves (worn)
 d - a +1 helmet (worn)
 h - a +0 shield (worn)
 m - a +0 pair of boots (worn)
 n - a +0 scale mail (worn)
Scrolls
 g - a scroll of recharging
 k - 5 scrolls of remove curse
 t - a scroll of identify
Potions
 e - a potion of haste
 f - a potion of curing
 j - a potion of brilliance
 q - a potion of degeneration {unknown}
 r - a potion of magic {unknown}
 v - a potion of agility
Comestibles
 c - 3 meat rations
 p - a royal jelly


   Skills:
 + Level 4.6 Fighting
 + Level 3.6 Axes
 * Level 4.3 Armour
 + Level 2.2 Dodging
 + Level 1.3 Shields
 * Level 4.2 Invocations


You had 6 spell levels left.
You didn't know any spells.

Dungeon Overview and Level Annotations

Branches:
Dungeon (5/15)
 Temple: D:4-7

Altars:
Kikubaaqudgha
Uskayaw
Zin
The Shining One


Innate Abilities, Weirdness & Mutations

Your body is rotting away.
You thrive on raw meat.
You are immune to poison.
You have sharp fingernails.
You are carnivorous and can eat meat at any time.
Your flesh is cold resistant. (rC+)
You are immune to negative energy. (rN+++)
You regenerate slowly when monsters are visible.
You are immune to unholy pain and torment.
You can survive without breathing.


Message History

There is an empty arch of ancient stone here.
It was a potion of brilliance.
You feel clever all of a sudden.
It was a potion of haste.
You feel yourself speed up.
You are very lightly contaminated with residual magic.
The mummy hits you!
* * * LOW HITPOINT WARNING * * *
You slash the mummy!
The mummy is severely damaged.
You barely miss the mummy. The mummy hits you!
* * * LOW HITPOINT WARNING * * *
You hit the mummy but do no damage.
The mummy is severely damaged.
You barely miss the mummy. The mummy barely misses you.
Unknown command.
You slash the mummy!
You destroy the mummy!
Lugonu accepts your kill.
You hit the mummy. The mummy hits you.
You die...

.............
............
#........#
#......#
#....# #....#
#....# #..M.#
#...@# #....#
#....# #....#
#.∩∩.# ######


You could see a mummy.

Vanquished Creatures
  A phantom (D:4)
  An ogre (D:4)
  A bullfrog (D:3)
  A scorpion (D:4)
  An orc priest (D:3)
  A hound (D:4)
  An orc wizard (D:3)
  A big kobold zombie (Ossuary)
  3 mummies (Ossuary)
  Robin (D:4)
  4 gnolls
  8 adders
  An ooze (D:2)
  A worm (D:4)
  2 dart slugs
  3 leopard geckos
  5 orcs (D:3)
  6 bats
  3 giant cockroaches
  4 gnoll zombies (Ossuary)
  22 goblins
  9 hobgoblins
  3 jackals (D:4)
  7 kobolds
  3 quokkas
  3 frilled lizards
  3 hobgoblin zombies (Ossuary)
  A jackal skeleton (D:4)
  4 rats
104 creatures vanquished.

Vanquished Creatures (others)
  3 starspawn tentacles (Abyss:2)
3 creatures vanquished.

Grand Total: 107 creatures vanquished

Notes
Turn   | Place    | Note
-------+----------+-------------------------------------------
     0 | Abyss:1  | Gargoyl the Ghoul Abyssal Knight began the quest for the Orb.
     0 | Abyss:1  | Reached XP level 1. HP: 19/19 MP: 1/1
     7 | Abyss:2  | Found a corrupted altar of Lugonu.
    29 | Abyss:2  | Noticed a tentacled starspawn
    43 | D:1      | Escaped the Abyss
   160 | D:1      | Reached XP level 2. HP: 24/26 MP: 2/2
   295 | D:1      | Reached skill level 1 in Dodging
   393 | D:1      | Reached * piety under Lugonu
   709 | D:2      | Reached XP level 3. HP: 24/31 MP: 3/3
  1054 | D:2      | Reached XP level 4. HP: 18/40 MP: 4/4
  1416 | D:2      | Found a glowing golden altar of the Shining One.
  1416 | D:2      | Found a faded altar of an unknown god.
  1421 | D:2      | Found an ancient bone altar of Kikubaaqudgha.
  1424 | D:2      | Found a faded altar of an unknown god.
  1429 | D:2      | Found a hide-covered altar of Uskayaw.
  1579 | D:2      | Found a glowing silver altar of Zin.
  1830 | D:3      | Noticed a bullfrog
  1836 | D:3      | Reached ** piety under Lugonu
  1844 | D:3      | Killed a bullfrog
  1844 | D:3      | Reached XP level 5. HP: 28/46 MP: 6/6
  2150 | D:3      | Reached XP level 6. HP: 15/53 MP: 7/7
  2153 | D:3      | Reached skill level 1 in Shields
  2796 | D:4      | Reached XP level 7. HP: 34/59 MP: 8/8
  3161 | D:4      | Noticed Robin
  3170 | D:4      | Reached *** piety under Lugonu
  3172 | D:4      | Killed Robin
  3548 | D:5      | Entered Level 5 of the Dungeon
  3554 | D:5      | Found a sand-covered staircase.
  3559 | Ossuary  | Entered an ossuary
  3729 | Ossuary  | HP: 1/58 [mummy (10)]
  3731 | Ossuary  | Slain by a mummy

Skill      XL: |  1  2  3  4  5  6  7 |
---------------+----------------------+-----
Armour         | 2 3 4 |  4.3
Dodging        | 1 2 |  2.2
Axes           | 2 3 |  3.6
Fighting       | 4 |  4.6
Invocations    | 3 4 |  4.2
Shields        | 1 |  1.3

Action                   |  1- 3 |  4- 6 |  7- 9 || total
-------------------------+-------+-------+-------++-------
Melee: Hand axe          |    83 |       |       ||    83
       War axe           |    39 |   223 |   104 ||   366
Throw: Javelin           |       |     4 |     2 ||     6
Invok: Depart the Abyss  |     1 |       |       ||     1
  Use: Scroll            |     2 |    10 |     2 ||    14
       Potion            |       |     1 |     2 ||     3
  Eat: Chunk             |    20 |    25 |     7 ||    52
       Pizza             |       |       |     1 ||     1
Armor: Leather armour    |    55 |     8 |       ||    63
       Ring mail         |       |    73 |       ||    73
       Scale mail        |       |    39 |    66 ||   105
Dodge: Dodged            |    52 |    87 |    45 ||   184
Block: Shield            |    34 |    96 |    45 ||   175
